[Event "Titled Tuesday Blitz November 30 2021"]
[White "Costachi, Mihnea"]
[Black "Gaehwiler, Gabriel"]
[WhiteFideId "1217518"]
[BlackFideId "1314530"]
[WhiteElo "2482"]
[BlackElo "2320"]
[Result "0-1"]
[Round "11"]
[TimeControl "180+1"]
[Date "2021.11.30"]
[WhiteClock "0:00:05"]
[BlackClock "0:00:06"]

1. d4 Nf6 2. Bg5 d5 3. e3 g6 4. Bxf6 exf6 5. g3 c6 6. Bg2 Bd6 7. Ne2 O-O 8. O-O f5 9. Qd3 Nd7 10. c4 dxc4 11. Qxc4 Nb6 12. Qc2 Be6 13. Nbc3 Bc7 14. Rfd1 Nd5 15. Rac1 Rc8 16. a3 Qd7 17. Na4 Bd6 18. Nc5 Qe7 19. b4 Rfd8 20. Nc3 Bb8 21. Qb2 Nb6 22. a4 Bd6 23. a5 Nc4 24. Qa1 Bxc5 25. bxc5 b6 26. axb6 axb6 27. cxb6 Nxb6 28. Qb2 Nd5 29. Na4 Qb4 30. Qxb4 Nxb4 31. Nc5 Bd5 32. Rb1 Rb8 33. Rb2 Bxg2 34. Kxg2 Nd5 35. Rdb1 Rxb2 36. Rxb2 Ra8 37. Nd3 Ra7 38. Ne5 Ne7 39. Rb6 Rc7 40. Nd3 Nd5 41. Rb8+ Kg7 42. Kf3 Nf6 43. Nc5 h5 44. Rb6 Nd5 45. Ra6 Nb4 46. Ra4 Nd5 47. h3 Re7 48. Ra6 Rc7 49. Ra8 Nb6 50. Rd8 Nd5 51. Ke2 Ra7 52. Rc8 Ne7 53. Rb8 Nd5 54. Kf3 Re7 55. Rc8 Rc7 56. Rb8 Ra7 57. Nd3 Rc7 58. Rd8 Nf6 59. Ra8 Ne4 60. Ra2 Nc3 61. Rc2 Nd5 62. Ne5 Ne7 63. Rc5 f6 64. Nc4 Kf7 65. Nb6 Ke6 66. Rc2 Rb7 67. Na4 Ra7 68. Nc5+ Kd6 69. Nd3 Nd5 70. Rb2 g5 71. Rb8 Ra3 72. Nc5 g4+ 73. hxg4 hxg4+ 74. Kg2 Ra2 75. Re8 Nc3 76. Re6+ Kd5 77. Rxf6 Nd1 78. Rxf5+ Kc4 79. Kf1 Ra1 80. Kg2 Ra2 81. Rf4 Nxe3+ 82. Kh2 Nd1 83. Ne4 Kd3 84. Rxg4 Nxf2 85. Nxf2+ Rxf2+ 86. Kh3 Rf6 87. Kh4 Rd6 88. Kh5 Rxd4 0-1


[Site "https://www.chess.com"]

[Event "Titled Tuesday Blitz November 30 2021"]
[White "Deac, Bogdan-Daniel"]
[Black "Saraci, Nderim"]
[WhiteFideId "1226380"]
[BlackFideId "6351921"]
[WhiteElo "2605"]
[BlackElo "2480"]
[Result "1-0"]
[Round "11"]
[TimeControl "180+1"]
[Date "2021.11.30"]
[WhiteClock "0:01:02"]
[BlackClock "0:00:04"]

1. e4 e5 2. Nf3 Nc6 3. Bb5 a6 4. Ba4 d6 5. O-O Bd7 6. d4 exd4 7. Nxd4 Nf6 8. Re1 Nxd4 9. Bxd7+ Qxd7 10. Qxd4 Be7 11. c4 O-O 12. Nc3 b5 13. b3 bxc4 14. Qxc4 c6 15. Bb2 Rfe8 16. Rad1 Bf8 17. e5 d5 18. Qa4 Ng4 19. Nxd5 Qf5 20. Qf4 Qc2 21. Rd2 Qc5 22. Nc7 Red8 23. Nxa8 Nxf2 24. Rxf2 1-0


[Site "https://www.chess.com"]

[Event "Titled Tuesday Blitz November 30 2021"]
[White "Donchenko, Alexander"]
[Black "Szpar, Milosz"]
[WhiteFideId "24603295"]
[BlackFideId "1184989"]
[WhiteElo "2490"]
[BlackElo "2285"]
[Result "1-0"]
[Round "11"]
[TimeControl "180+1"]
[Date "2021.11.30"]
[WhiteClock "0:00:06"]
[BlackClock "0:00:01"]

1. e4 c5 2. Nf3 d6 3. d4 cxd4 4. Nxd4 Nf6 5. Nc3 Nc6 6. Bg5 e6 7. Qd2 a6 8. O-O-O h6 9. Nxc6 bxc6 10. Bf4 d5 11. Qe1 Bb4 12. a3 Ba5 13. Be5 Nxe4 14. b4 Bc7 15. Bxc7 Qxc7 16. Nxe4 dxe4 17. Qxe4 a5 18. b5 Bb7 19. bxc6 Qxc6 20. Qxc6+ Bxc6 21. f3 Ke7 22. Bd3 Rhc8 23. Kd2 Ba4 24. Rb1 Ra7 25. Rb2 Rac7 26. Rhb1 Rd7 27. Ke3 Rc3 28. Kd2 Rxa3 29. Rb7 Bc6 30. Rxd7+ Kxd7 31. Rb6 Ra1 32. Ra6 Rg1 33. g3 Bxf3 34. Ke3 Bc6 35. Rxa5 Rg2 36. Ra7+ Kd6 37. Ra6 Rxh2 38. Be4 f5 39. Rxc6+ Ke5 40. Bf3 g5 41. Rc5+ Kd6 42. Ra5 h5 43. c4 h4 44. c5+ Ke5 45. c6+ Kd6 46. Ra7 hxg3 47. Rd7+ Ke5 48. c7 Rc2 49. Bb7 f4+ 50. Kd3 Rc1 51. Kd2 Rc5 52. Ke2 g4 53. c8=Q f3+ 54. Kf1 g2+ 55. Kf2 g3+ 56. Kg1 Rxc8 57. Bxc8 Kf4 58. Rf7+ Ke3 59. Bb7 1-0


[Site "https://www.chess.com"]

[Event "Titled Tuesday Blitz November 30 2021"]
[White "Erdogdu, Mert"]
[Black "Perez Ponsa, Federico"]
[WhiteFideId "6301495"]
[BlackFideId "117927"]
[WhiteElo "2485"]
[BlackElo "2672"]
[Result "1/2-1/2"]
[Round "11"]
[TimeControl "180+1"]
[Date "2021.11.30"]
[WhiteClock "0:00:05"]
[BlackClock "0:00:03"]

1. e4 e5 2. Nf3 Nc6 3. Bc4 Bc5 4. c3 Nf6 5. d3 O-O 6. O-O d5 7. exd5 Nxd5 8. a4 Nb6 9. Bb5 Bd6 10. a5 Nd7 11. a6 Rb8 12. Nbd2 Nb6 13. Ne4 f5 14. Neg5 Qe7 15. Be3 Nd8 16. axb7 Rxb7 17. Bxb6 Rxb6 18. Bc4+ Kh8 19. Rxa7 h6 20. Ra8 Bb7 21. Rxd8 Qxd8 22. Ne6 Qf6 23. Nxf8 Bxf8 24. b4 c5 25. bxc5 Bxc5 26. Re1 e4 27. dxe4 fxe4 28. Nd4 Rb2 29. Re2 Rxe2 30. Bxe2 e3 31. fxe3 Qg5 32. Bf3 Qxe3+ 33. Kh1 Bxf3 34. Nxf3 Qxc3 35. h3 Qe3 36. Qe1 Qf4 37. Qe8+ Kh7 38. Qe1 Bd6 39. Qb1+ Kg8 40. Qa2+ Kh8 41. Qa8+ Kh7 42. Qa1 g5 43. Qb1+ Kg7 44. Qd1 Be7 45. Nd4 Qe4 46. Nf3 Bf6 47. g4 Qf4 48. Kg2 Qe4 49. Qd7+ Qe7 50. Qd3 Qb7 51. Qe2 Qb2 52. Qxb2 Bxb2 53. Nd2 Kf6 54. Ne4+ Ke5 55. Ng3 Kf4 56. Nf5 h5 57. Nd6 hxg4 58. hxg4 Kxg4 59. Nf7 Bf6 60. Nxg5 1/2-1/2


[Site "https://www.chess.com"]

[Event "Titled Tuesday Blitz November 30 2021"]
[White "Gabrielian, Artur"]
[Black "Durarbayli, Vasif"]
[WhiteFideId "4131002"]
[BlackFideId "13402935"]
[WhiteElo "2440"]
[BlackElo "2522"]
[Result "0-1"]
[Round "11"]
[TimeControl "180+1"]
[Date "2021.11.30"]
[WhiteClock "0:00:02"]
[BlackClock "0:00:07"]

1. d4 Nf6 2. c4 e6 3. Nc3 Bb4 4. a3 Bxc3+ 5. bxc3 d6 6. e3 O-O 7. Ne2 b6 8. Ng3 Ba6 9. Bd3 Nc6 10. e4 Na5 11. O-O Ne8 12. f4 Bxc4 13. Bxc4 Nxc4 14. f5 e5 15. f6 g6 16. Bh6 Qd7 17. Qc1 Qg4 18. Bxf8 Kxf8 19. Qh6+ Kg8 20. Nf5 gxf5 21. Rxf5 Qg6 22. Rg5 Nxf6 23. Rxg6+ hxg6 24. Qh4 Kg7 25. Rf1 Ng8 26. a4 Re8 27. Qf2 Re7 28. h3 Na5 29. Kh2 Nc6 30. d5 Nb8 31. a5 Nd7 32. axb6 axb6 33. Ra1 Nc5 34. Ra8 Nxe4 35. Qh4 Nef6 36. c4 e4 37. Ra2 b5 38. cxb5 Nxd5 39. Rd2 Ngf6 40. Re2 Nc3 41. Rf2 Ncd5 42. Re2 Nc3 43. Re1 d5 44. Qf2 Nxb5 45. Qc5 Nd6 46. Rf1 e3 47. Qd4 Ne8 48. Re1 Re4 49. Qd3 d4 50. Rf1 c5 51. Ra1 Re6 52. Ra5 Nd6 53. Rxc5 e2 54. Rc1 e1=Q 55. Rxe1 Rxe1 56. Qxd4 Re6 57. Qd3 Nde4 58. Qd4 Rd6 59. Qe5 Rd2 60. Kg1 Rd1+ 61. Kh2 Rf1 62. Qd4 g5 63. Qe5 Rf4 64. Qb2 Rf5 65. Qd4 Kg6 66. Qd8 Rd5 67. Qf8 Rd2 0-1


[Site "https://www.chess.com"]

[Event "Titled Tuesday Blitz November 30 2021"]
[White "Golubka, Petro"]
[Black "Poormosavi, Seyed Kian"]
[WhiteFideId "14114224"]
[BlackFideId "12585807"]
[WhiteElo "2392"]
[BlackElo "2134"]
[Result "0-1"]
[Round "11"]
[TimeControl "180+1"]
[Date "2021.11.30"]
[WhiteClock "0:00:07"]
[BlackClock "0:00:14"]

1. e4 c6 2. d4 d5 3. e5 Bf5 4. g4 Be4 5. f3 Bg6 6. e6 fxe6 7. h4 h5 8. Bd3 Bxd3 9. Qxd3 Qd6 10. Qg6+ Kd8 11. Qf7 Nd7 12. Qg6 hxg4 13. fxg4 e5 14. Qxd6 exd6 15. Nf3 Ngf6 16. g5 Ne4 17. Na3 Kc7 18. Be3 g6 19. O-O-O Bg7 20. c3 Raf8 21. Rh3 Rf5 22. Nc2 Rhf8 23. Nce1 exd4 24. cxd4 c5 25. Kc2 c4 26. a4 a6 27. b3 b5 28. axb5 axb5 29. Ra1 Kb7 30. h5 gxh5 31. b4 Nb8 32. Rxh5 Nc6 33. Rh7 R5f7 34. g6 Rc7 35. Rb1 Rg8 36. Ng2 Bf6 37. Rxc7+ Kxc7 38. Nf4 Ne7 39. Rg1 Kc6 40. Rg4 Nf5 41. Bg1 Ra8 42. Kb2 Ra4 43. Kc2 Ra2+ 44. Kc1 Ra1+ 45. Kc2 Rf1 46. Nh2 Ra1 47. Nf3 Ra3 48. Ne1 Rc3+ 49. Kd1 Rg3 50. Rxg3 Nexg3 51. Nc2 Ne4 52. Ke2 Ng5 53. Nh5 Bh8 54. Be3 Ne6 55. Kf3 Nh4+ 56. Kg4 Nxg6 57. Kf5 Nef8 58. Nf6 Ne7+ 59. Kg5 Ne6+ 60. Kg4 Bxf6 0-1


[Site "https://www.chess.com"]

[Event "Titled Tuesday Blitz November 30 2021"]
[White "Grigorjev, Iljya"]
[Black "Piesik, Piotr"]
[WhiteFideId "24159565"]
[BlackFideId "1136194"]
[WhiteElo "2124"]
[BlackElo "2336"]
[Result "1-0"]
[Round "11"]
[TimeControl "180+1"]
[Date "2021.11.30"]
[WhiteClock "0:01:41"]
[BlackClock "0:01:15"]

1. Nf3 g6 2. g3 Bg7 3. Bg2 Nf6 4. O-O O-O 5. b3 c5 6. Bb2 d6 7. c4 Nc6 8. Nc3 e5 9. e3 Ne8 10. Nd5 f5 11. d4 e4 12. Ne1 cxd4 13. exd4 Nc7 14. Nxc7 Qxc7 15. f3 e3 16. f4 e2 17. Qxe2 Nxd4 18. Qd2 Qb6 19. Kh1 Be6 20. Rd1 Nc6 21. Bxg7 Kxg7 22. Qc3+ Kg8 23. Rxd6 Bf7 24. Nf3 Qc7 25. Rfd1 Rad8 26. c5 Rxd6 27. cxd6 Qa5 28. Qxa5 Nxa5 29. Ne5 Rd8 30. b4 Nc4 31. Nxf7 1-0


[Site "https://www.chess.com"]

[Event "Titled Tuesday Blitz November 30 2021"]
[White "Ibarra Jerez, Jose Carlos"]
[Black "Shahade, Gregory"]
[WhiteFideId "2226332"]
[BlackFideId "2009064"]
[WhiteElo "2626"]
[BlackElo "2663"]
[Result "0-1"]
[Round "11"]
[TimeControl "180+1"]
[Date "2021.11.30"]
[WhiteClock "0:01:36"]
[BlackClock "0:01:41"]

1. Nf3 Nf6 2. g3 g6 3. b3 Bg7 4. Bb2 b5 5. Bg2 Bb7 6. Na3 a6 7. c4 b4 8. Nc2 a5 9. O-O O-O 10. d4 c5 11. d5 d6 12. Qd3 a4 13. Rab1 axb3 14. axb3 Ra2 15. Ba1 Nbd7 16. e4 Ng4 17. Nd2 Nge5 18. Qe2 Rxc2 19. f4 Ng4 20. Bxg7 Kxg7 21. Qd3 Rc3 22. Qe2 Ne3 23. Rf2 Nc2 24. Re1 Nxe1 0-1


[Site "https://www.chess.com"]

[Event "Titled Tuesday Blitz November 30 2021"]
[White "Iljiushenok, Ilia"]
[Black "Pour Agha Bala, Amirreza"]
[WhiteFideId "24105074"]
[BlackFideId "12572896"]
[WhiteElo "2578"]
[BlackElo "2313"]
[Result "1/2-1/2"]
[Round "11"]
[TimeControl "180+1"]
[Date "2021.11.30"]
[WhiteClock "0:00:38"]
[BlackClock "0:00:49"]

1. e4 c5 2. Nf3 e6 3. d4 cxd4 4. Nxd4 Nc6 5. Nc3 a6 6. Be3 Nge7 7. a4 d5 8. exd5 Nxd5 9. Nxd5 Qxd5 10. c3 Be7 11. Nb3 Qxd1+ 12. Rxd1 e5 13. Bc4 Bf5 14. Bb6 O-O 15. O-O Bd8 16. Bc5 Re8 17. Bd6 Be7 18. Nc5 Na5 19. Bxe7 Rxe7 20. Bd5 Rc8 21. b4 g6 22. h3 h5 23. f3 Kg7 24. g4 Be6 25. Bxe6 fxe6 26. Rd6 Kf7 27. f4 Nc4 28. fxe5+ Kg8 29. Rf6 hxg4 30. hxg4 Nxe5 31. Rdxe6 Rce8 32. g5 Rxe6 33. Nxe6 Ng4 34. Rxg6+ Kf7 35. Rg7+ Kxe6 36. Rxb7 Ne3 37. g6 Kf5 38. g7 Kf6 39. a5 Ra8 40. Kf2 Nf5 41. Ra7 Rc8 42. Rc7 Rg8 43. Rc6+ Ke5 44. Rxa6 Rxg7 45. Rc6 Kd5 46. Rc5+ Ke4 47. a6 Ne3 48. Rc8 Rg2+ 49. Ke1 Rg1+ 50. Kd2 Rg2+ 51. Kc1 Ra2 52. b5 Kd3 53. b6 Ra1+ 54. Kb2 Rxa6 55. Rd8+ Ke2 56. Rb8 Nc4+ 57. Kb3 Rxb6+ 58. Rxb6 Nxb6 59. c4 Nxc4 1/2-1/2


[Site "https://www.chess.com"]

[Event "Titled Tuesday Blitz November 30 2021"]
[White "Indjic, Aleksandar"]
[Black "Dronavalli, Harika"]
[WhiteFideId "911925"]
[BlackFideId "5015197"]
[WhiteElo "2643"]
[BlackElo "2422"]
[Result "1-0"]
[Round "11"]
[TimeControl "180+1"]
[Date "2021.11.30"]
[WhiteClock "0:00:25"]
[BlackClock "0:00:23"]

1. d4 d5 2. c4 e6 3. Nc3 c6 4. e4 dxe4 5. Nxe4 Bb4+ 6. Bd2 Qxd4 7. Bxb4 Qxe4+ 8. Ne2 Na6 9. Bf8 Ne7 10. Bxg7 Nb4 11. Bxh8 e5 12. Bf6 Nd3+ 13. Kd2 Bf5 14. f3 Qxc4 15. Qb3 Qc5 16. Qxb7 Rd8 17. Qxe7+ Qxe7 18. Bxe7 Kxe7 19. Ke3 Nxb2 20. Ng3 Bg6 21. Be2 f5 22. Kf2 Rd2 23. Rhc1 f4 24. Ke1 Rd6 25. Ne4 Bxe4 26. fxe4 Na4 27. Rab1 Nb6 28. a4 Rh6 29. a5 Nd7 30. h3 Rg6 31. Bf3 1-0


[Site "https://www.chess.com"]

[Event "Titled Tuesday Blitz November 30 2021"]
[White "Jobava, Baadur"]
[Black "Nakamura, Hikaru"]
[WhiteFideId "13601520"]
[BlackFideId "2016192"]
[WhiteElo "2731"]
[BlackElo "2884"]
[Result "1-0"]
[Round "11"]
[TimeControl "180+1"]
[Date "2021.11.30"]
[WhiteClock "0:00:11"]
[BlackClock "0:00:01"]

1. e4 d5 2. exd5 Qxd5 3. Nc3 Qa5 4. g3 c6 5. Bg2 Nf6 6. d4 Bf5 7. Nf3 e6 8. O-O Bb4 9. Bd2 O-O 10. a3 Bxc3 11. Bxc3 Qc7 12. Bd2 Rd8 13. c4 Bg4 14. h3 Bh5 15. Re1 c5 16. Bf4 Qc8 17. g4 Bg6 18. Qb3 Nc6 19. dxc5 Rd3 20. Qa2 a5 21. Rad1 Nb4 22. axb4 axb4 23. Qxa8 Qxa8 24. Rxd3 Bxd3 25. Ne5 Bc2 26. c6 bxc6 27. Nxc6 Qa4 28. c5 h5 29. Ne7+ Kh7 30. c6 Ne8 31. Re5 g6 32. gxh5 Qa1+ 33. Kh2 Qxb2 34. hxg6+ fxg6 35. Rxe6 Qd4 36. Be3 Qc4 37. Nd5 Ng7 38. Nf6+ Kh8 39. Rd6 Nf5 40. Rd8+ Kg7 41. Bg5 Qc5 42. Rd7+ Kf8 43. c7 1-0


[Site "https://www.chess.com"]

[Event "Titled Tuesday Blitz November 30 2021"]
[White "Kamsky, Gata"]
[Black "Ozen, Bahadir"]
[WhiteFideId "2000024"]
[BlackFideId "6337058"]
[WhiteElo "2645"]
[BlackElo "2503"]
[Result "0-1"]
[Round "11"]
[TimeControl "180+1"]
[Date "2021.11.30"]
[WhiteClock "0:00:03"]
[BlackClock "0:00:04"]

1. e4 c6 2. d3 d5 3. Nf3 Bg4 4. Nbd2 e6 5. h3 Bh5 6. g4 Bg6 7. h4 h6 8. h5 Bh7 9. Qe2 Bb4 10. a3 dxe4 11. axb4 exf3 12. Nxf3 Ne7 13. Bd2 Nd7 14. g5 Bf5 15. gxh6 gxh6 16. Ne5 Nf6 17. Bg2 Qc7 18. Bf3 a6 19. Rg1 Rh7 20. Nc4 Ned5 21. Qe5 Qxe5+ 22. Nxe5 O-O-O 23. Ke2 Nd7 24. Nc4 Kc7 25. Rg3 b5 26. Na5 c5 27. Bxd5 exd5 28. Nb3 c4 29. Nd4 Re8+ 30. Kf1 Be6 31. Rxa6 cxd3 32. Rxd3 Rg7 33. Ra7+ Kb6 34. Ra1 Ne5 35. Rda3 Nc4 36. Rg3 Nxd2+ 37. Ke2 Rxg3 38. fxg3 Ne4 39. Kf3 Rg8 40. Kf4 Bd7 41. Rg1 Rg4+ 42. Ke3 Rg5 43. Ne2 Nf6 44. Nf4 Nxh5 45. Nxh5 Rxh5 46. c3 Rg5 47. Kf4 Be6 48. Rh1 Rg6 49. Rh5 Kc6 50. Rh1 Kd6 51. Ra1 Rg4+ 52. Kf3 Re4 53. Ra6+ Kc7 54. Ra5 Kb6 55. Ra8 Re1 56. Rb8+ Kc6 57. Rh8 Rh1 58. Kf4 Rf1+ 59. Ke3 Rb1 60. Rxh6 Rxb2 61. Rh4 Kd6 62. Rh8 Rg2 63. Rg8 Rc2 64. Kd3 Rc1 65. Kd2 Rg1 66. Ke3 Ke5 67. Rg5+ f5 68. Rg7 Rxg3+ 69. Rxg3 f4+ 70. Kf2 fxg3+ 71. Kxg3 Ke4 0-1


[Site "https://www.chess.com"]

[Event "Titled Tuesday Blitz November 30 2021"]
[White "Kollars, Dmitrij"]
[Black "Kobalia, Mikhail"]
[WhiteFideId "12909572"]
[BlackFideId "4119150"]
[WhiteElo "2584"]
[BlackElo "2543"]
[Result "1-0"]
[Round "11"]
[TimeControl "180+1"]
[Date "2021.11.30"]
[WhiteClock "0:00:09"]
[BlackClock "0:00:02"]

1. e4 c6 2. d4 d5 3. e5 Bf5 4. Nf3 e6 5. Be2 Ne7 6. O-O c5 7. dxc5 Nec6 8. c4 dxc4 9. Nbd2 Bxc5 10. Nxc4 O-O 11. a3 Bg4 12. b4 Be7 13. Bf4 Nd7 14. h3 Bh5 15. Rc1 Nb6 16. Nd6 Qd7 17. g4 Bg6 18. Bg3 Nd5 19. Bb5 Rad8 20. Nd4 Bxd6 21. exd6 Rc8 22. Ba4 Nb6 23. Nxc6 bxc6 24. Bb3 Nd5 25. Qd4 f5 26. Be5 fxg4 27. hxg4 Rf3 28. Ba4 Rxa3 29. Ra1 Rd3 30. Qc5 Qf7 31. Bd1 Rxd1 32. Rfxd1 Be4 33. Rd4 Qf3 34. Rxe4 Qxe4 35. Qd4 Qxd4 36. Bxd4 Rd8 37. Bc5 Rd7 38. Ra6 Kf7 39. Rxc6 e5 40. Rc8 Nf4 41. Kh2 Nd3 42. Kg3 e4 43. Ra8 Ke6 44. Re8+ Kd5 45. Re7 Kc6 46. Re8 a5 47. Rc8+ Kd5 48. Rb8 Nxc5 49. bxc5 Kxc5 50. Ra8 Kb5 51. Rb8+ Kc4 52. Ra8 Kb4 53. Rb8+ Kc5 54. Ra8 Kxd6 55. Ra6+ 1-0


[Site "https://www.chess.com"]

[Event "Titled Tuesday Blitz November 30 2021"]
[White "Kosteniuk, Alexandra"]
[Black "Maksimovic, Bojan"]
[WhiteFideId "4128125"]
[BlackFideId "14408120"]
[WhiteElo "2521"]
[BlackElo "2439"]
[Result "0-1"]
[Round "11"]
[TimeControl "180+1"]
[Date "2021.11.30"]
[WhiteClock "0:00:21"]
[BlackClock "0:01:00"]

1. e4 c5 2. c3 d5 3. exd5 Qxd5 4. d4 Nf6 5. Nf3 Bg4 6. Be2 e6 7. h3 Bh5 8. Na3 Nc6 9. Nb5 Qd8 10. dxc5 Bxc5 11. O-O O-O 12. Qxd8 Rfxd8 13. Bg5 a6 14. Na3 h6 15. Bxf6 gxf6 16. Nc4 b5 17. Ne3 Ne5 18. g4 Bg6 19. Nxe5 fxe5 20. Rfd1 Be4 21. a4 Rxd1+ 22. Nxd1 b4 23. cxb4 Bxb4 24. Ne3 a5 25. Nc4 Rd8 26. Rd1 Rxd1+ 27. Bxd1 f6 28. Kf1 Kf7 29. Ke2 Kg6 30. h4 Bd5 31. Bc2+ Kf7 32. Ne3 Bb7 33. h5 Ke7 34. Bd3 Kd6 35. Bc4 e4 36. b3 Ke5 37. Ng2 f5 38. gxf5 exf5 39. Ne3 Bc8 40. Bb5 f4 41. Nc4+ Kd4 42. Be8 Bg4+ 43. Kf1 e3 44. fxe3+ fxe3 0-1


[Site "https://www.chess.com"]

[Event "Titled Tuesday Blitz November 30 2021"]
[White "Kovalev, Vladislav"]
[Black "Ivanisevic, Ivan"]
[WhiteFideId "13504398"]
[BlackFideId "912417"]
[WhiteElo "2573"]
[BlackElo "2499"]
[Result "1/2-1/2"]
[Round "11"]
[TimeControl "180+1"]
[Date "2021.11.30"]
[WhiteClock "0:00:06"]
[BlackClock "0:00:36"]

1. e4 e5 2. Nf3 Nc6 3. Bb5 a6 4. Ba4 Bc5 5. O-O Nge7 6. c3 Ba7 7. d4 Ng6 8. Bxc6 dxc6 9. Nxe5 Nxe5 10. dxe5 Qe7 11. Bf4 g5 12. Be3 Bxe3 13. fxe3 Be6 14. Nd2 O-O-O 15. Qe1 Qc5 16. Nf3 h6 17. Qf2 Bc4 18. Rfd1 Bd3 19. h3 Bxe4 20. Rd4 Bxf3 21. Qxf3 Qxe5 22. Rad1 f5 23. Kf2 Rxd4 24. exd4 Qe6 25. Re1 Qxa2 26. Qxf5+ Kb8 27. Re2 Qd5 28. Qxd5 cxd5 29. Re6 c6 30. Kg3 a5 31. Kg4 Ka7 32. Kh5 Kb6 33. Rxh6 Re8 34. Kxg5 Re2 35. g4 Rxb2 36. Rh8 Ka7 37. Rf8 Rc2 38. h4 Rxc3 39. h5 Rh3 40. h6 b5 41. Kg6 b4 42. h7 b3 43. Rf3 Rxh7 44. Rxb3 Rh4 45. Kg5 Rh1 46. Kf5 Rf1+ 47. Ke5 Rg1 48. Kd6 a4 49. Rb4 Ka6 50. Kxc6 Rc1+ 51. Kxd5 Ka5 52. Rb8 a3 53. g5 Ka4 54. Ra8+ Kb3 55. Ke6 a2 56. g6 a1=Q 57. Rxa1 Rxa1 58. g7 Rg1 59. Kf7 Kc4 60. g8=Q Rxg8 61. Kxg8 Kxd4 1/2-1/2


[Site "https://www.chess.com"]

[Event "Titled Tuesday Blitz November 30 2021"]
[White "Kucuksari, Kaan"]
[Black "Acor, Corey"]
[WhiteFideId "6380166"]
[BlackFideId "2024861"]
[WhiteElo "2301"]
[BlackElo "2300"]
[Result "1-0"]
[Round "11"]
[TimeControl "180+1"]
[Date "2021.11.30"]
[WhiteClock "0:00:35"]
[BlackClock "0:00:04"]

1. d4 Nf6 2. c4 e5 3. g3 exd4 4. Qxd4 Nc6 5. Qd2 Bb4 6. Nc3 Ne4 7. Qe3 Bxc3+ 8. bxc3 Qe7 9. Bg2 Nc5 10. Qxe7+ Nxe7 11. Nf3 d6 12. Nd4 Na4 13. Bd2 c6 14. O-O Nb6 15. c5 dxc5 16. Nb3 Na4 17. f4 Bg4 18. e4 O-O-O 19. Be3 b6 20. Rfc1 Rd3 21. Bd2 c4 22. Bf1 cxb3 23. Bxd3 b2 24. f5 bxa1=Q 25. Rxa1 Nc5 26. Bc2 Rd8 27. Be3 Bf3 28. Re1 f6 29. Bd4 Nd7 30. Kf2 Bh5 31. Bb3 c5 32. Be3 Ne5 33. Be6+ Kb7 34. Rb1 Kc6 35. h3 Bf7 36. Bxf7 Nxf7 37. Bf4 Kb7 38. Ke2 Nc6 39. g4 h6 40. h4 Nce5 41. Rg1 Rd3 42. g5 hxg5 43. hxg5 Rxc3 44. g6 Kc6 45. gxf7 Nxf7 46. Rxg7 Nd6 47. Re7 Nb5 48. Re6+ Kd7 49. Be3 Rc2+ 50. Kf3 Rxa2 51. Rxf6 c4 52. e5 c3 53. e6+ Kd6 54. Bf4+ Ke7 55. Rf7+ Ke8 56. f6 Nd4+ 57. Ke4 Nxe6 58. Re7+ Kf8 59. Bh6+ Kg8 60. f7+ Kh7 61. f8=Q+ 1-0


[Site "https://www.chess.com"]

[Event "Titled Tuesday Blitz November 30 2021"]
[White "Lavrov, Maxim"]
[Black "Weetik, Vjacheslav"]
[WhiteFideId "4166418"]
[BlackFideId "4153472"]
[WhiteElo "2192"]
[BlackElo "2469"]
[Result "1-0"]
[Round "11"]
[TimeControl "180+1"]
[Date "2021.11.30"]
[WhiteClock "0:00:27"]
[BlackClock "0:00:01"]

1. Nf3 c6 2. g3 d6 3. Bg2 h6 4. O-O g5 5. d3 Bg7 6. e4 Nd7 7. Re1 Nf8 8. e5 g4 9. Nh4 dxe5 10. Nc3 Bf6 11. Ne4 Bxh4 12. gxh4 Ng6 13. h5 Nh4 14. Bh1 Be6 15. Ng3 f6 16. d4 Kf7 17. dxe5 Qxd1 18. Rxd1 fxe5 19. Re1 Bd5 20. Rxe5 Nf6 21. Be3 Bxh1 22. Kxh1 Nf3 23. Rf5 e6 24. Rf4 e5 25. Rb4 b6 26. Nf5 Ke6 27. Nxh6 Nd5 28. Rxg4 Raf8 29. Rg6+ Rf6 30. Ng4 Rxg6 31. hxg6 Rh4 32. h3 e4 33. Kg2 Rh8 34. Kg3 Rg8 35. c4 Ne7 36. Kf4 Nxg6+ 37. Kxe4 Nfe5 38. f4 Nxg4 39. hxg4 Kf7 40. Bd4 Re8+ 41. Kf3 c5 42. Bc3 Nh4+ 43. Kg3 Ng6 44. f5 Ne7 45. Kf4 Rd8 46. g5 Nc6 47. g6+ Ke7 48. Kg5 1-0


[Site "https://www.chess.com"]

[Event "Titled Tuesday Blitz November 30 2021"]
[White "Le, Tuan Minh"]
[Black "Babazada, Khazar"]
[WhiteFideId "12401153"]
[BlackFideId "13413554"]
[WhiteElo "2450"]
[BlackElo "2302"]
[Result "0-1"]
[Round "11"]
[TimeControl "180+1"]
[Date "2021.11.30"]
[WhiteClock "0:00:02"]
[BlackClock "0:00:49"]

1. d4 Nf6 2. Nf3 g6 3. Bg5 Bg7 4. Nbd2 O-O 5. c3 b6 6. e4 d6 7. Bc4 Bb7 8. Qe2 h6 9. Bh4 Nbd7 10. e5 dxe5 11. dxe5 Nd5 12. e6 fxe6 13. Qxe6+ Kh7 14. Bg3 Nc5 15. Qh3 Bf6 16. Ne5 Bc8 17. Ng4 Bg7 18. Qh4 Nf4 19. Ne3 Ncd3+ 20. Kf1 g5 0-1


[Site "https://www.chess.com"]

[Event "Titled Tuesday Blitz November 30 2021"]
[White "Leiva, Gianmarco"]
[Black "Lysyj, Igor"]
[WhiteFideId "3804399"]
[BlackFideId "4150120"]
[WhiteElo "2318"]
[BlackElo "2611"]
[Result "1-0"]
[Round "11"]
[TimeControl "180+1"]
[Date "2021.11.30"]
[WhiteClock "0:00:03"]
[BlackClock "0:00:04"]

1. e4 e5 2. Nf3 Nc6 3. Bc4 Bc5 4. O-O Nf6 5. Re1 d6 6. c3 O-O 7. h3 Nxe4 8. d4 Bb6 9. Bd5 Nf6 10. Bxc6 bxc6 11. dxe5 dxe5 12. Nxe5 Qxd1 13. Rxd1 Ne4 14. Be3 Bxe3 15. fxe3 c5 16. Nd2 Nd6 17. Ndc4 Nxc4 18. Nxc4 Be6 19. Ne5 a5 20. Nd3 Rfb8 21. Rd2 Rd8 22. Rad1 Bxa2 23. Nxc5 Rdb8 24. b3 Bxb3 25. Nxb3 g6 26. Nc5 Kg7 27. Ra1 Rb5 28. Na4 Re8 29. Kf2 Rf5+ 30. Ke2 Rg5 31. Kd3 Rg3 32. Re2 Rd8+ 33. Kc2 Re8 34. Rae1 Re5 35. Nb2 Reg5 36. Nc4 Rxg2 37. Rxg2 Rxg2+ 38. Kd3 a4 39. Ra1 Rg3 40. Rxa4 Rxh3 41. Ra7 Rf3 42. Rxc7 h5 43. Ne5 Rf5 44. Ke4 h4 45. c4 h3 46. Ra7 h2 47. Ra1 Rf2 48. Rh1 Rc2 49. Kd3 Rg2 50. Nf3 g5 51. Rxh2 Rg3 52. Nd4 Rg1 53. c5 Rd1+ 54. Ke4 Kg6 55. c6 Rc1 56. Rc2 f5+ 57. Ke5 Re1 58. Rc3 f4 59. c7 1-0


[Site "https://www.chess.com"]

[Event "Titled Tuesday Blitz November 30 2021"]
[White "Martinez Alcantara, Jose Eduardo"]
[Black "Petrovskyi, Vadym"]
[WhiteFideId "3805662"]
[BlackFideId "14165210"]
[WhiteElo "2690"]
[BlackElo "2377"]
[Result "1-0"]
[Round "11"]
[TimeControl "180+1"]
[Date "2021.11.30"]
[WhiteClock "0:01:30"]
[BlackClock "0:00:01"]

1. e4 c5 2. Nf3 d6 3. c3 Nf6 4. h3 g6 5. Bd3 Bg7 6. Bc2 O-O 7. d4 cxd4 8. cxd4 Nc6 9. Nc3 e5 10. d5 Nb4 11. Bb1 a5 12. Be3 Nh5 13. O-O Nf4 14. Re1 Bd7 15. a3 Na6 16. Bd3 Nc5 17. Bf1 a4 18. Kh2 f5 19. Bxf4 exf4 20. e5 dxe5 21. Nxe5 Re8 22. d6 Be6 23. Bb5 Rf8 24. Bc4 Bxc4 25. Nxc4 Bxc3 26. Qd5+ Kh8 27. bxc3 Ne4 28. f3 Nf6 29. Qd4 b5 30. Ne5 Ra6 31. Rad1 Kg8 32. d7 g5 33. c4 Re6 34. c5 g4 35. c6 Nh5 36. Qd5 Rf6 37. c7 1-0


[Site "https://www.chess.com"]

[Event "Titled Tuesday Blitz November 30 2021"]
[White "Matinian, Nikita"]
[Black "Azarov, Sergei"]
[WhiteFideId "24129100"]
[BlackFideId "13501470"]
[WhiteElo "2422"]
[BlackElo "2494"]
[Result "0-1"]
[Round "11"]
[TimeControl "180+1"]
[Date "2021.11.30"]
[WhiteClock "0:00:01"]
[BlackClock "0:00:17"]

1. e4 e5 2. Nf3 Nc6 3. Bb5 a6 4. Ba4 Nf6 5. d3 Bc5 6. c3 d6 7. d4 Ba7 8. O-O O-O 9. Re1 exd4 10. Nxd4 Nxd4 11. cxd4 b5 12. Bc2 Bb7 13. Nc3 Re8 14. a3 c5 15. dxc5 dxc5 16. Qxd8 Raxd8 17. Bg5 c4 18. Rad1 h6 19. Bxf6 gxf6 20. Kf1 Kf8 21. Nd5 Bxd5 22. exd5 Rxe1+ 23. Kxe1 Ke7 24. Be4 Kd6 25. Ke2 Re8 26. Kf3 Bxf2 27. a4 Re5 28. axb5 axb5 29. g4 Re7 30. Ra1 Ra7 31. Rd1 Bc5 32. Bb1 Ra4 33. Ke4 Rb4 34. Kf5 Rxb2 35. Kxf6 c3 36. Bf5 b4 37. Kxf7 c2 38. Re1 b3 39. Re6+ Kxd5 0-1


[Site "https://www.chess.com"]